[Event "Early-Titled-Tuesday-Blitz-August-29-2023"]
[Site "Chess.com"]
[Date "2023.08.29"]
[Round "8"]
[White "Chessmissile07"]
[Black "noblerone"]
[Result "1-0"]
[WhiteElo "2823"]
[BlackElo "2553"]
[TimeControl "180+1"]
[EndTime "9:28:07 PDT"]
[Termination "Chessmissile07 won by resignation"]

1. d4 d5 2. c4 c6 3. Nf3 Nf6 4. g3 g6 5. Bg2 Bg7 6. O-O O-O 7. cxd5 cxd5 8. Ne5 e6 9. b3 Bd7 10. Nc3 Nc6 11.
Nxd7 Qxd7 12. Ba3 Rfc8 13. Rc1 Bf8 14. Bb2 b6 15. e4 dxe4 16. Nxe4 Nxe4 17. Bxe4 Bg7 18. Qf3 Nxd4 19. Bxd4 Rxc1 20. Rxc1 Rd8 21. Bxg7 Kxg7 22. Qc3+ Qd4 23. Kg2 e5 24. Qxd4 Rxd4 25. Bf3 e4 26. Bd1 Rd2 27. Kf1 Rxa2 28. Bc2 f5 29. Ke2 Kf6 30. Kd2 Ke5 31. Kc3 a5 32. Kc4 Rb2 33. Kc3 Ra2 34. b4 axb4+ 35. Kxb4 g5 36.
Kb3 Ra5 37. Re1 Rb5+ 38. Kc3 Rc5+ 39. Kb2 Kd4 40. g4 Rb5+ 41. Kc1 Ra5 42. gxf5 Rxf5 43. Rxe4+ Kd5 44. Re2 Rf4 45. Bxh7 Rh4 46. Bf5 Rxh2 47.
Kd2 Rh4 48. f3 Rd4+ 49. Ke3 Ra4 50. Bg4 Ra3+ 51. Kf2 b5 52. Re8 b4 53. Rb8 b3 54.
Ke2 Kd4 55. Kd2 Ra2+ 56. Kc1 Rc2+ 57. Kb1 Kc3 58. Rc8+ Kb4 59. Rxc2 bxc2+ 60. Kxc2 Kc4 61. Kd2 Kd4 62. Ke2 Ke5 63. Ke3 1-0

[Event "Early-Titled-Tuesday-Blitz-August-29-2023"]
[Site "Chess.com"]
[Date "2023.08.29"]
[Round "8"]
[White "Chessbard1972"]
[Black "AradNazari"]
[Result "1-0"]
[WhiteElo "2563"]
[BlackElo "2740"]
[TimeControl "180+1"]
[EndTime "9:28:08 PDT"]
[Termination "Chessbard1972 won by checkmate"]

1. d4 Nf6 2. c4 g6 3. Nf3 Bg7 4.
g3 O-O 5. Bg2 c6 6. Nc3 d5 7.
cxd5 cxd5 8. Ne5 Nc6 9. O-O h5 10. Bg5 Bf5 11. Qd2 Rc8 12. Rad1 Re8 13. Nxc6 bxc6 14.
Rc1 Nh7 15. Bh6 Bf6 16. h4 Qa5 17. Rfd1 e5 18. dxe5 Bxe5 19. e4 Bg4 20. Re1 d4 21. Ne2 Qxd2 22. Bxd2 c5 23. b3 Nf6 24. Nf4 Bxf4 25.
Bxf4 Nd7 26. f3 Be6 27. Bf1 Nb6 28. Ba6 Rcd8 29. Rxc5 d3 30. Rd1 f5 31. Rxd3 fxe4 32. fxe4 Rxd3 33. Bxd3 Rd8 34. Bc2 Bf7 35. Rc7 a5 36.
Bg5 Ra8 37. Be3 Nc8 38. Bc5 Rb8 39. a3 Nb6 40. Kf2 Be6 41. Ke3 Nd7 42. Ba7 Re8 43. b4 axb4 44. axb4 Ne5 45. Bd4 Nc4+ 46. Kd3 Nd6 47.
Rg7+ Kf8 48. Rxg6 Nxe4 49. Rh6 Bf5 50. Rh8+ Kf7 51. Rxe8 Nd6+ 52. Kc3 Nb5+ 53. Kc4 Bxc2 54. Re1 Nd6+ 55. Kd5 Nb5 56. Rf1+ Ke8 57. Bc5 Bd3 58. Rf6 Kd7 59. Rh6 Be2 60. Rh7+ Kc8 61. Kc6 Kd8 62. Rh8# 1-0

[Event "Early-Titled-Tuesday-Blitz-August-29-2023"]
[Site "Chess.com"]
[Date "2023.08.29"]
[Round "8"]
[White "Andreikka"]
[Black "Anton_Demchenko"]
[Result "1-0"]
[WhiteElo "3040"]
[BlackElo "2930"]
[TimeControl "180+1"]
[EndTime "9:28:11 PDT"]
[Termination "Andreikka won by resignation"]

1. Nf3 Nf6 2. g3 g6 3. Bg2 Bg7 4. b3 O-O 5. Bb2 d6 6. c4 e5 7.
d3 a5 8. O-O Re8 9. Nc3 c6 10.
a3 Na6 11. b4 axb4 12. axb4 Bd7 13. Qb3 Nc7 14. Nd2 Qe7 15. e3 h5 16. h3 Ne6 17.
Kh2 Nh7 18. Na4 Qd8 19. Ne4 Qc7 20. c5 dxc5 21. Naxc5 Rxa1 22. Rxa1 Bc8 23. b5 Nxc5 24. Nxc5 Ng5 25. bxc6 bxc6 26. Qa4 Ne6 27. Qxc6 Qxc6 28. Bxc6 Rd8 29. Nxe6 Bxe6 30. Ra8 Rxa8 31. Bxa8 Bf5 32. d4 exd4 33. exd4 Bf6 34. Kg2 Kg7 35. h4 Bd7 36. Kf3 Bg4+ 37. Kf4 Bd7 38. Be4 Kg8 39. Ke3 g5 40.
hxg5 Bxg5+ 41. f4 Bf6 42. Bf3 h4 43. g4 h3 44. g5 Be7 45. Kf2 Bd6 46. Kg3 f6 47.
gxf6 Kf7 48. d5 Bf5 49. Be5 Bb4 50. Bh5+ Kg8 51. d6 Be1+ 52. Kh2 Bb4 53. Be8 Kf8 54. d7 Ba5 55. Bd6+ Kg8 56. f7+ 1-0

[Event "Early-Titled-Tuesday-Blitz-August-29-2023"]
[Site "Chess.com"]
[Date "2023.08.29"]
[Round "8"]
[White "vi_pranav"]
[Black "Durarbayli"]
[Result "0-1"]
[WhiteElo "2986"]
[BlackElo "2921"]
[TimeControl "180+1"]
[EndTime "9:28:11 PDT"]
[Termination "Durarbayli won by resignation"]

1. Nf3 d5 2. g3 g6 3. Bg2 Bg7 4.
O-O e5 5. d3 Nc6 6. Nbd2 Nge7 7. c4 O-O 8. cxd5 Nxd5 9. Nc4 h6 10. Bd2 Be6 11. Rc1 Qe7 12. a3 a5 13. e4 Nb6 14.
Nxb6 cxb6 15. Be3 Qd8 16. h3 Re8 17. Kh2 Re7 18. Qa4 Rd7 19. Rfd1 Rxd3 20. Rxd3 Qxd3 21. Rd1 Qe2 22. Rd2 Qa6 23. Qd1 b5 24. Bf1 a4 25.
Rd6 Bf8 26. Rxe6 fxe6 27. Qd7 Nd8 28. Nxe5 Qd6 29. Qxb5 Kh7 30. h4 Bg7 31. Bf4 Qa6 32. Qe8 Qxf1 33. Qxg6+ Kh8 34. Qe8+ Kh7 35. Qg6+ Kg8 36.
Ng4 Nf7 37. Be3 Rc8 38. Qxe6 Qc4 39. Qf5 Rc6 40. e5 Qe6 41. Qe4 Rc4 42. Nf6+ Bxf6 43. Qg6+ Kf8 44. exf6 Rg4 45. Qc2 Kg8 46. Qc3 Re4 47.
Bf4 Rc4 48. Qf3 Rc6 49. Be3 Qxf6 50. Qg4+ Qg6 51. Qxa4 Kh7 52. Qb5 b6 53. a4 Re6 54.
Qd7 Qf6 55. b4 Kg6 56. a5 bxa5 57. bxa5 Ne5 58. h5+ Kxh5 59. Qd1+ Kg6 60. Qb1+ Qf5 61. Qxf5+ Kxf5 62. Kg2 Ra6 63. Bd2 Nc4 0-1

[Event "Early-Titled-Tuesday-Blitz-August-29-2023"]
[Site "Chess.com"]
[Date "2023.08.29"]
[Round "8"]
[White "PeshkaCh"]
[Black "Doomfist26"]
[Result "0-1"]
[WhiteElo "2783"]
[BlackElo "2603"]
[TimeControl "180+1"]
[EndTime "9:28:11 PDT"]
[Termination "Doomfist26 won by checkmate"]

1. Nf3 Nf6 2. d4 g6 3. c4 Bg7 4. g3 c5 5. Bg2 cxd4 6. Nxd4 h5 7. h4 Nc6 8. Nc3 O-O 9. O-O Ng4 10. Nxc6 dxc6 11.
Qc2 Qd4 12. Qe4 Be6 13. Bg5 Rfe8 14. Rad1 Qxe4 15. Nxe4 Bxc4 16. Rd7 Bxe2 17. Re1 Bc4 18. Rxb7 Bxa2 19. Bxe7 Reb8 20. Rxb8+ Rxb8 21. Bc5 Bd5 22. Bxa7 Rxb2 23. Ng5 Bc3 24. Re8+ Kg7 25. Bxd5 cxd5 26. Re7 Nh6 27. Rd7 Ra2 28. Be3 Bf6 29. Rxd5 Ng4 30.
Bc5 Rc2 31. Ne4 Bb2 32. Nd6 Nf6 33. Rd3 Rxc5 34. Rf3 Rd5 35. Nc4 Bd4 36. Kg2 Ng4 37.
Rd3 Nxf2 38. Rd2 Ne4 39. Rd3 Nc5 40. Rd1 Ne6 41. Kf3 Rc5 42. Nd2 Rc3+ 43. Kg2 Rc2 44. Kf3 Rc3+ 45. Ke4 Re3+ 46. Kd5 Rxg3 47. Ne4 Rg4 48. Nd6 Rxh4 49. Rf1 Bc5 50. Rxf7+ Kh6 51. Ne8 Ng5 52. Rf6 Be7 53. Ra6 Rh1 54. Ra7 Re1 55.
Kd4 h4 56. Kd3 h3 57. Ra4 Nf3 58. Rf4 h2 59. Rxf3 h1=Q 60. Rf7 Qd5+ 61. Kc3 Rc1+ 62.
Kb2 Qd2+ 63. Kb3 Qb4+ 64. Ka2 Rc2+ 65. Ka1 Qb2# 0-1

[Event "Early-Titled-Tuesday-Blitz-August-29-2023"]
[Site "Chess.com"]
[Date "2023.08.29"]
[Round "8"]
[White "ChainedDowntohell"]
[Black "zozik"]
[Result "1-0"]
[WhiteElo "2497"]
[BlackElo "2356"]
[TimeControl "180+1"]
[EndTime "9:28:11 PDT"]
[Termination "ChainedDowntohell won by checkmate"]

1. e4 e6 2. d4 d5 3. Nc3 Nf6 4.
e5 Nfd7 5. f4 c5 6. Nf3 Nc6 7. Be3 a6 8. a3 b5 9. Be2 Qb6 10.
dxc5 Bxc5 11. Bxc5 Nxc5 12. b4 Nd7 13. Bd3 Qe3+ 14.
Ne2 Nb6 15. Qd2 Qxd2+ 16. Kxd2 Nc4+ 17. Kc3 Bb7 18. Ned4 Nxd4 19. Nxd4 Rc8 20. Kb3 Ke7 21. a4 bxa4+ 22. Rxa4 Rc7 23. Rd1 Rhc8 24. Raa1 Ne3 25.
Rd2 Nc4 26. Re2 h6 27. Ka2 a5 28. b5 Nb6 29. Kb2 a4 30. g4 Rc3 31. f5 R3c5 32. h4 Nc4+ 33. Kb1 Nb6 34. Kb2 Nc4+ 35. Ka2 Rb8 36. Rf1 a3 37. f6+ gxf6 38. Rxf6 Nb2 39. Kxa3 Nxd3 40. cxd3 Rc3+ 41. Kb4 Rxd3 42. Rf4 Rc8 43. Ka5 Rc4 44. Kb6 Rcxd4 45. Rxd4 Rxd4 46. Kxb7 Rxg4 47. b6 Rb4 48. Rc2 d4 49. Kc7 d3 50.
Rd2 Rc4+ 51. Kb8 Kd7 52. Rxd3+ Kc6 53. Rd6+ Kb5 54. b7 Rc5 55. Ka8 Ka4 56. b8=Q Ra5+ 57. Qa7 Rxa7+ 58. Kxa7 Kb5 59. Rd7 Kc5 60. Rxf7 Kd5 61.
Rf6 Kxe5 62. Rxh6 Kf5 63. Kb6 e5 64. Kc5 e4 65. Kd4 e3 66. Kxe3 Kg4 67. Rg6+ Kh5 68. Rg8 Kxh4 69. Kf4 Kh5 70. Rg1 Kh6 71. Kf5 Kh7 72.
Kf6 Kh6 73. Rh1# 1-0

[Event "Early-Titled-Tuesday-Blitz-August-29-2023"]
[Site "Chess.com"]
[Date "2023.08.29"]
[Round "8"]
[White "igorkovalenko"]
[Black "krzyzan94"]
[Result "1-0"]
[WhiteElo "2966"]
[BlackElo "2790"]
[TimeControl "180+1"]
[EndTime "9:28:16 PDT"]
[Termination "igorkovalenko won by checkmate"]

1. c4 e5 2. Nc3 Bb4 3. Qb3 a5 4. Nf3 d6 5. a3 Bc5 6. e3 Nf6 7. Be2 O-O 8. O-O Re8 9. d4 Ba7 10.
Rd1 e4 11. Nd2 c6 12. Qc2 Qe7 13. b4 Nbd7 14. Nb3 Bb8 15. d5 axb4 16. axb4 Rxa1 17. Nxa1 c5 18. Ba3 cxb4 19. Bxb4 b6 20. Nb3 Nc5 21.
Nd4 Ng4 22. h3 Ne5 23. Nc6 Qg5 24. Nxe5 Qxe5 25. Ra1 Bc7 26. Ra7 Bb8 27. Ra8 Bd7 28. Kh1 h5 29. Nb1 Nd3 30. Bxd3 exd3 31. Qxd3 Bf5 32.
Qb3 Bc7 33. Ra7 Bd8 34. Nd2 Bg6 35. Bc3 Qf5 36. Nf3 Qe4 37. Bd4 Bf6 38. Bxf6 gxf6 39. Qc3 Kg7 40. Kh2 Rc8 41. Nd4 Qxd5 42. cxd5 Rxc3 43.
Rd7 Rc5 44. Rxd6 b5 45. h4 b4 46. Rb6 Rxd5 47. Rxb4 Bd3 48. Kg3 Kg6 49. Kf4 Re5 50. f3 Ra5 51. e4 Ra2 52. g3 Bf1 53. Rb8 Bh3 54. Rb6 Kg7 55. Nb5 Rd2 56. Nd6 Be6 57. Ne8+ Kg6 58. Nd6 Rd3 59. Nb7 Rd1 60. Nc5 Bh3 61.
e5 Rf1 62. Rxf6+ Kg7 63. Ne4 Bg2 64. Ng5 Bh1 65. Rxf7+ Kg6 66. Rf6+ Kg7 67. g4 hxg4 68. Kxg4 Rg1+ 69. Kh5 Re1 70. Rf7+ Kg8 71. f4 Rd1 72. e6 Rg1 73. Kh6 Be4 74. Rg7+ Kf8 75. e7+ Ke8 76. Nxe4 Rh1 77. Nf6# 1-0

[Event "Early-Titled-Tuesday-Blitz-August-29-2023"]
[Site "Chess.com"]
[Date "2023.08.29"]
[Round "8"]
[White "AttilaTurzo"]
[Black "Iskusnyh"]
[Result "1/2-1/2"]
[WhiteElo "2518"]
[BlackElo "2628"]
[TimeControl "180+1"]
[EndTime "9:28:20 PDT"]
[Termination "Game drawn - insufficient material"]

1. d4 d5 2. Nf3 Nf6 3. Bf4 c5 4. e3 Nc6 5. Nbd2 cxd4 6. exd4 Bg4 7. h3 Bh5 8. Be2 e6 9. O-O Bd6 10. Bxd6 Qxd6 11. c3 O-O 12. Re1 Rab8 13. a4 a6 14. a5 Qc7 15. b4 Bxf3 16. Bxf3 e5 17. Nb3 e4 18. Be2 Ne7 19. Nc5 Ng6 20. Qd2 Rbd8 21. Reb1 Ne8 22. b5 axb5 23. Rxb5 Nd6 24. Rb6 Rfe8 25.
Rab1 h6 26. Nxb7 Nxb7 27. Rxb7 Qxa5 28. R1b5 Qa3 29. Bh5 Re6 30. Rb3 Qd6 31. Ra7 Rf8 32.
Rbb7 Rf6 33. Rd7 Qf4 34. Qe3 Qh4 35. Bxg6 Rxg6 36. Rxd5 f5 37. Kh2 Kh8 38. g3 Qf6 39.
Qf4 Qc6 40. Rxf5 Rxf5 41. Qxf5 Rf6 42. Qc5 Rxf2+ 43. Kg1 Qf6 44. Ra1 Re2 45. Rf1 Qg6 46. Qc8+ Kh7 47. Qf5 Re3 48. Qxg6+ Kxg6 49. Rc1 Rxg3+ 50.
Kf2 Rd3 51. Ke2 Kf5 52. Rf1+ Ke6 53. Rf4 Kd5 54. Rf5+ Kc4 55. Rc5+ Kb3 56. d5 g5 57.
c4 Kb4 58. Rc6 h5 59. d6 g4 60. hxg4 hxg4 61. c5 g3 62. Rc7 g2 63. Kf2 Rd2+ 64.
Kg1 e3 65. Re7 Kxc5 66. Rxe3 Kxd6 67. Rg3 Ke5 68. Rxg2 Rxg2+ 69. Kxg2 1/2-1/2

[Event "Early-Titled-Tuesday-Blitz-August-29-2023"]
[Site "Chess.com"]
[Date "2023.08.29"]
[Round "8"]
[White "Miguelitro69"]
[Black "ExchangeAB"]
[Result "1/2-1/2"]
[WhiteElo "2296"]
[BlackElo "2448"]
[TimeControl "180+1"]
[EndTime "9:28:24 PDT"]
[Termination "Game drawn - insufficient material"]

1. e4 c6 2. d4 d5 3. Nc3 dxe4 4.
Nxe4 Nf6 5. Nxf6+ exf6 6. c3 Bd6 7. Bd3 O-O 8. Ne2 h6 9. O-O Nd7 10. Ng3 Nb6 11. Nf5 Bxf5 12. Bxf5 Qc7 13. h3 Bf4 14. Qg4 Bxc1 15. Raxc1 Rfe8 16. Bd3 Qd7 17. Qxd7 Nxd7 18.
Rfe1 Kf8 19. Kf1 g6 20. Rxe8+ Rxe8 21. Re1 f5 22. Rxe8+ Kxe8 23. Ke2 Ke7 24. Ke3 Kf6 25. c4 b6 26. b4 c5 27. a3 Ke6 28. Bc2 Kd6 29. Ba4 Nf6 30. f3 Nh5 31. Be8 Ke7 32.
Bc6 Ng7 33. dxc5 bxc5 34. bxc5 Ne6 35. Bd5 Nxc5 36. Kd4 Nb3+ 37. Kc3 Nc5 38. Kb4 Kd6 39. Kb5 f6 40. Bf7 g5 41. Bg6 f4 42. Bf5 h5 43.
a4 h4 44. a5 Nb7 45. Ka6 Kc7 46. Bc2 Kb8 47. Kb5 Kc7 48. c5 Nd8 49. Bb3 Nc6 50. Ka6 Nd4 51. Bd1 Nc6 52. Kb5 Nd4+ 53. Kc4 Nc6 54. a6 Nb8 55. Kd5 Nxa6 56. Ba4 Nb8 57. Ke6 Nc6 58. Kxf6 Nd4 59. Kxg5 Ne6+ 60. Kxh4 Nxc5 61.
Kg4 Ne6 62. Kf5 Kd6 63. Bd1 a5 64. h4 Ke7 65. h5 Nd4+ 66. Kxf4 a4 67. Bxa4 Kf6 68.
Ke4 Ne6 69. g4 Kg5 70. f4+ Nxf4 71. Kf3 Ne6 72. Bc2 Ng7 73. Bf5 Nxh5 74. gxh5 Kxh5 1/2-1/2

[Event "Early-Titled-Tuesday-Blitz-August-29-2023"]
[Site "Chess.com"]
[Date "2023.08.29"]
[Round "8"]
[White "Shuvalov"]
[Black "jsdbv18"]
[Result "1/2-1/2"]
[WhiteElo "2483"]
[BlackElo "2590"]
[TimeControl "180+1"]
[EndTime "9:28:25 PDT"]
[Termination "Game drawn by agreement"]

1. d4 Nf6 2. c4 e6 3. Nc3 d5 4.
Nf3 Be7 5. Bf4 O-O 6. e3 c5 7.
dxc5 Bxc5 8. a3 Nc6 9. Rc1 a6 10. cxd5 exd5 11. Be2 Ba7 12. O-O Be6 13. Bg5 h6 14. Bh4 Qe7 15. b4 Rfd8 16. Nd4 Nxd4 17. exd4 Rac8 18. Re1 g5 19. Bg3 Qd7 20. Be5 Qe7 21. Na4 Nd7 22. Bd3 Nxe5 23. dxe5 Rxc1 24. Qxc1 Rc8 25. Qd1 b5 26. Nc5 Bxc5 27. bxc5 Qxc5 28. a4 bxa4 29. Qxa4 a5 30. h4 Qb4 31. Qa1 Qxh4 32.
Qxa5 Qf4 33. Qa1 Kg7 34. Bb5 Rc2 35. Rf1 d4 36. Bd3 Rc3 37. Qd1 Qxe5 38. Re1 Qf6 39. Qe2 Bf5 40. Bxf5 Qxf5 41. Rd1 Rc2 42. Qf1 d3 43.
Rxd3 Rxf2 44. Qxf2 Qxd3 45. Qb2+ Kh7 46. Qe5 Qb1+ 47. Kh2 Qg6 48. Kg1 Qe6 49. Qd4 Kg6 50. Qd3+ Qf5 51. Qd4 Qf6 52. Qd3+ Qf5 53. Qd4 f6 54. Qd8 Qe6 55. Qd3+ Qf5 56. Qd8 Qe6 57. Qd3+ f5 58. Qd4 Qf6 59. Qd5 g4 60. g3 Qb6+ 61. Kg2 Qb2+ 62. Kg1 Qa1+ 63. Kg2 Qf6 64. Kg1 Kg5 65.
Qd2+ f4 66. gxf4+ Qxf4 67. Qd8+ Qf6 68. Qd2+ Kg6 69. Qd3+ Qf5 70. Qd6+ Kg5 71. Qd2+ Kh5 72. Qh2+ Kg6 73. Qd6+ Qf6 74. Qd3+ Kg7 75. Qd7+ Kf8 76.
Qxg4 Qg7 77. Qxg7+ Kxg7 78. Kh1 1/2-1/2

[Event "Early-Titled-Tuesday-Blitz-August-29-2023"]
[Site "Chess.com"]
[Date "2023.08.29"]
[Round "8"]
[White "Magila31"]
[Black "sokidze"]
[Result "1/2-1/2"]
[WhiteElo "2489"]
[BlackElo "2743"]
[TimeControl "180+1"]
[EndTime "9:28:25 PDT"]
[Termination "Game drawn by stalemate"]

1. d4 d5 2. c4 e6 3. Nc3 a6 4. cxd5 exd5 5. Nf3 Nf6 6. Bg5 Be6 7. e3 Nbd7 8. Bd3 Bd6 9. O-O c6 10. Qc2 Qc7 11. Rab1 O-O 12. b4 h6 13. Bh4 b5 14.
a4 Bg4 15. Bxf6 Nxf6 16. Rfc1 Qe7 17. Qb3 Rfc8 18. Nd2 h5 19. h3 Be6 20. Qb2 h4 21. Ne2 Nh5 22. Nf3 bxa4 23. Ne5 Bxe5 24. dxe5 a5 25.
Nd4 Qxb4 26. Nxc6 Qxb2 27. Rxb2 Rc7 28. Rbc2 g6 29. Nd4 Rxc2 30. Bxc2 Bd7 31. Ra1 Re8 32.
f4 Rc8 33. Bxa4 Bxa4 34. Rxa4 Ng3 35. Kf2 Ne4+ 36. Kf3 Nd2+ 37. Kg4 Rc3 38. Kxh4 Rxe3 39. Rxa5 Re4 40. Nf3 Nxf3+ 41. gxf3 Rxf4+ 42. Kg3 Rd4 43. Ra7 g5 44. Rd7 Kf8 45. Rd6 Kg7 46. Rd7 Kg6 47. Kf2 Kf5 48. Ke3 Kxe5 49. Rxf7 Rh4 50. Re7+ Kf6 51.
Rd7 Ke6 52. Rg7 Kf6 53. Rd7 Rxh3 54. Rxd5 g4 55. Kf2 Rxf3+ 56. Kg2 Kg6 57. Rc5 Ra3 58. Rb5 Rf3 59. Rc5 Rf5 60. Rxf5 Kxf5 61. Kg3 Kg5 62. Kg2 Kf4 63. Kf2 g3+ 64. Kg2 Kg4 65. Kg1 Kf3 66. Kf1 g2+ 67. Kg1 Kg3 1/2-1/2

[Event "Early-Titled-Tuesday-Blitz-August-29-2023"]
[Site "Chess.com"]
[Date "2023.08.29"]
[Round "8"]
[White "Irina_Barchuk"]
[Black "Balla_Tamas"]
[Result "1/2-1/2"]
[WhiteElo "2330"]
[BlackElo "2436"]
[TimeControl "180+1"]
[EndTime "9:28:25 PDT"]
[Termination "Game drawn - insufficient material"]

1. e4 c5 2. Nf3 Nc6 3. d4 cxd4 4. Nxd4 e5 5. Nb5 d6 6. N1c3 a6 7. Na3 b5 8. Nd5 Nge7 9. c4 Nxd5 10. cxd5 Nd4 11. Bd3 g6 12. O-O Bg7 13. Nc2 O-O 14. Nxd4 exd4 15. Bf4 f5 16. Qd2 fxe4 17. Bxe4 Bf5 18.
Bf3 Be5 19. Rfe1 Qf6 20. Bg3 Rac8 21. Rac1 Rc4 22. b3 Rc3 23. Bxe5 dxe5 24. Rxc3 dxc3 25. Qxc3 Bg4 26. Qxe5 Bxf3 27. Qxf6 Rxf6 28. gxf3 Rxf3 29. Re3 Rf5 30. Rd3 Kf7 31. d6 Ke8 32. d7+ Kd8 33. Rd6 a5 34. Kg2 a4 35. bxa4 bxa4 36. Kg3 Rb5 37.
Rd4 Rb2 38. Rxa4 Kxd7 39. Ra7+ Ke6 40. a4 Ra2 41. f4 Kf5 42. Ra5+ Ke4 43. h3 h5 44.
Re5+ Kd3 45. Rg5 Rxa4 46. Rxg6 Ke3 47. Re6+ Kd4 48. Re5 Ra3+ 49. Kh4 Rf3 50. Kxh5 Rxf4 51. Re8 Rf1 52. h4 Rg1 53. Kh6 Kd5 54. h5 Kd6 55. Kh7 Kd7 56. Re2 Rg3 57. h6 Rg1 58. Kh8 Kd6 59. h7 Kd7 60. Re3 Rg2 61. Ra3 Ke6 62.
Ra6+ Kf7 63. Ra7+ Kf8 64. Ra8+ Kf7 65. Rg8 Rh2 66. Rg3 Rc2 67. Rf3+ Kg6 68. Rf8 Rc7 69. Rg8+ Kh6 70. Rg1 Rxh7+ 71. Kg8 Ra7 72. Kf8 Ra8+ 73. Ke7 Ra7+ 74. Kd6 Ra6+ 75. Ke5 Rg6 76. Rxg6+ Kxg6 1/2-1/2

[Event "Early-Titled-Tuesday-Blitz-August-29-2023"]
[Site "Chess.com"]
[Date "2023.08.29"]
[Round "8"]
[White "Sl4werThanYou"]
[Black "kuli4ik"]
[Result "1/2-1/2"]
[WhiteElo "2739"]
[BlackElo "2896"]
[TimeControl "180+1"]
[EndTime "9:28:26 PDT"]
[Termination "Game drawn by stalemate"]

1. e4 c5 2. Nf3 Nc6 3. d4 cxd4 4. Nxd4 Qa5+ 5. Nc3 Nf6 6. Nb3 Qc7 7. Bd3 e6 8. O-O a6 9. Be3 b5 10. f4 d6 11. Qf3 Bb7 12. Kh1 Be7 13. a3 Rc8 14.
Qg3 g6 15. Rae1 h5 16. h3 h4 17. Qf3 Nh5 18. Bf2 Bf6 19. Re2 Ne7 20. Nd1 Nf5 21. c3 Nfg3+ 22. Bxg3 Nxg3+ 23. Kh2 Nxe2 24. Qxe2 Bg7 25. Kh1 Qe7 26. Nd4 e5 27. Nc2 exf4 28.
Rxf4 d5 29. Qf3 Be5 30. Rg4 dxe4 31. Bxe4 Bxe4 32. Rxe4 O-O 33. Nde3 Qg5 34. Qe2 Bg7 35. Ne1 Rce8 36. Nf3 Qd8 37. Rxh4 Bf6 38. Rf4 Qd6 39.
g3 Re6 40. Qf2 Rfe8 41. Ng4 Bg7 42. Rxf7 Qd1+ 43. Ng1 Qd5+ 44. Rf3 Re1 45. Kh2 Rxg1 46. Kxg1 Qd1+ 47. Qf1 Re1 48. Kg2 Rxf1 49. Rxf1 Qd5+ 50.
Rf3 a5 51. Ne3 Qd2+ 52. Kg1 Qxb2 53. h4 Qxc3 54. g4 Qxa3 55. h5 Qc1+ 56. Kg2 Qd2+ 57. Kg3 Be5+ 58. Kh4 Qd8+ 59. Kh3 gxh5 60. gxh5 a4 61.
Ng4 Bg7 62. h6 Qd7 63. hxg7 Kxg7 64. Kh2 b4 65. Rg3 Qd6 66. Ne5+ Kf6 67. Rf3+ Kxe5 68. Rf2 Kd5+ 69. Kg2 a3 70. Kf1 Kc6 71. Kg1 Qc5 72.
Kg2 Qxf2+ 73. Kh1 a2 1/2-1/2

[Event "Early-Titled-Tuesday-Blitz-August-29-2023"]
[Site "Chess.com"]
[Date "2023.08.29"]
[Round "8"]
[White "Actuary44"]
[Black "Vsevolod_Ovchinnikov"]
[Result "1-0"]
[WhiteElo "2519"]
[BlackElo "2609"]
[TimeControl "180+1"]
[EndTime "9:28:26 PDT"]
[Termination "Actuary44 won by resignation"]

1. e4 g6 2. d4 Bg7 3. Nc3 a6 4. Be3 b5 5. Qd2 d6 6. f3 Nd7 7. h4 h5 8. g4 hxg4 9. fxg4 Ngf6 10. g5 Ng4 11. O-O-O Nxe3 12. Qxe3 c5 13. Nf3 cxd4 14.
Nxd4 Bb7 15. Nd5 Rc8 16. h5 gxh5 17. g6 Bh6 18. gxf7+ Kxf7 19. Nf4 e5 20. Qb3+ d5 21. Kb1 Bxf4 22. Nf5 Nc5 23. Qf3 Nxe4 24. Rxh5 Qf6 25. Bd3 Ng5 26. Qg4 Rxh5 27. Qxh5+ Ke6 28. Qg4 Kf7 29. Rh1 Rh8 30. Rxh8 Qxh8 31. a4 Kf6 32. Nd6 Bc6 33. Qf5+ Ke7 34. Nc8+ Kd8 35. Na7 Bd7 36. Qg6 Qh1+ 37. Ka2 d4 38. Qb6+ Ke7 39. Qxa6 bxa4 40. Qa5 Qb7 41. Qc5+ Ke8 42. Nb5 Ne6 43. Nd6+ Kf8 44. Nxb7+ Nxc5 45. Nxc5 Bc6 46. Ka3 Bg5 47.
Nxa4 Be7+ 48. b4 e4 49. Bc4 e3 50. Kb3 Bf3 51. Nb6 e2 52. Bxe2 Bxe2 53. Nd7+ Ke8 54. Ne5 Bf6 55. Nc6 Bb5 56. Na7 Bd7 57. Kc4 Kd8 58.
b5 Kc7 59. Kc5 Kb7 60. Nc6 Bxc6 61. bxc6+ Kc7 62. Kd5 Bh8 63. Kc5 Bg7 64. Kd5 Bf6 65.
Kc5 Be5 66. Kd5 Bg7 67. Kc5 Kc8 68. Kd5 Kc7 69. Kc5 Bf6 70. Kd5 Kb6 71. Kd6 Kb5 72. c7 d3 73. cxd3 Be5+ 74. Kxe5 Kb4 75. c8=Q 1-0

[Event "Early-Titled-Tuesday-Blitz-August-29-2023"]
[Site "Chess.com"]
[Date "2023.08.29"]
[Round "8"]
[White "mishanick"]
[Black "Rud_Makarian"]
[Result "1-0"]
[WhiteElo "3137"]
[BlackElo "3029"]
[TimeControl "180+1"]
[EndTime "9:28:27 PDT"]
[Termination "mishanick won by resignation"]

1. d4 d5 2. c4 c6 3. Nf3 Nf6 4. Nc3 e6 5. cxd5 exd5 6. Bf4 Bf5 7. e3 Nbd7 8. h3 h6 9. Bd3 Bxd3 10. Qxd3 Be7 11. O-O O-O 12. Rab1 a5 13. Rfc1 Re8 14.
a3 Nb6 15. Ne5 Nfd7 16. Nf3 a4 17. Nd2 Nf6 18. Ne2 Ne4 19. Nxe4 dxe4 20. Qxe4 Bxa3 21. Qc2 Bb4 22. Ra1 Qd5 23. Bc7 Nd7 24. Rxa4 Qb5 25.
Raa1 Nf6 26. Be5 Nd7 27. Bf4 Nf6 28. Ng3 Nd5 29. Qf5 Bd2 30. Rd1 Rxa1 31. Rxa1 Nxf4 32. Qxf4 Qxb2 33. Rf1 Bb4 34. Qf5 Bf8 35. Rb1 Qa2 36.
Rxb7 Bd6 37. Nh5 g6 38. Nf6+ Kh8 39. Qb1 Qxb1+ 40. Rxb1 Re6 41. Nd7 Kg7 42. Rc1 Ba3 43. Rc3 Be7 44. Nc5 Rd6 45. g4 Rd8 46. Nd3 Rc8 47.
Kg2 Bd6 48. f4 g5 49. f5 f6 50. Kf3 Kf7 51. Rc2 Ke7 52. e4 Kd7 53. e5 Be7 54.
e6+ Kd6 55. Ke4 Rc7 56. Nb4 Rc8 57. Rc4 Rc7 58. Nd3 Rc8 59. Ra4 Rc7 60. Nc5 Rc8 61.
Ra7 Rc7 62. Nb7+ 1-0

[Event "Early-Titled-Tuesday-Blitz-August-29-2023"]
[Site "Chess.com"]
[Date "2023.08.29"]
[Round "8"]
[White "biostatistician"]
[Black "OlaaLa"]
[Result "1-0"]
[WhiteElo "2584"]
[BlackElo "2436"]
[TimeControl "180+1"]
[EndTime "9:28:27 PDT"]
[Termination "biostatistician won on time"]

1. d4 f5 2. Nf3 Nf6 3. g3 g6 4. Bg2 Bg7 5. O-O O-O 6. b4 d6 7. Bb2 c6 8. Nbd2 a5 9. a3 Na6 10. c4 Bd7 11. Qb3 Kh8 12. c5 d5 13. Ne5 a4 14. Qc2 Nc7 15. Ndf3 Ne4 16. Bc1 Qe8 17.
Bf4 Nb5 18. e3 h6 19. h4 Kh7 20. Qe2 Bf6 21. Nxd7 Qxd7 22. Be5 g5 23. Bxf6 exf6 24.
hxg5 hxg5 25. Nd2 Nxd2 26. Qxd2 Kg7 27. Rfe1 Rh8 28. Kf1 Rae8 29. Ke2 f4 30. gxf4 gxf4 31. Bf3 fxe3 32. Rg1+ Kf8 33. fxe3 Rh2+ 34. Rg2 Rxg2+ 35. Bxg2 Qg4+ 36. Kf2 Qh4+ 37. Kg1 Qg3 38. Re1 Nxd4 39. Rf1 Qxe3+ 40. Qxe3 Rxe3 41. Rxf6+ Ke7 42. Rh6 Kd7 43.
Rh7+ Re7 44. Bh3+ Kd8 45. Rh8+ Re8 46. Rh7 Rg8+ 47. Kf2 Rf8+ 48. Ke3 Nc2+ 49. Kd2 Nxa3 50. Rd7+ Ke8 51. Rxb7 Nc4+ 52. Ke1 a3 53. Bd7+ Kd8 54. Bxc6 a2 55. Ra7 Ne3 56. Rxa2 Kc7 57. b5 Rf4 58.
Ra7+ Kb8 59. b6 Nc2+ 60. Kd2 Rf2+ 61. Kc3 d4+ 62. Kc4 Ne3+ 63. Kxd4 Nf5+ 64. Ke5 Re2+ 65.
Kxf5 Rf2+ 66. Kg4 Rf4+ 67. Kxf4 1-0

[Event "Early-Titled-Tuesday-Blitz-August-29-2023"]
[Site "Chess.com"]
[Date "2023.08.29"]
[Round "8"]
[White "shimastream"]
[Black "Vuk2000"]
[Result "1-0"]
[WhiteElo "2910"]
[BlackElo "2742"]
[TimeControl "180+1"]
[EndTime "9:28:28 PDT"]
[Termination "shimastream won by resignation"]

1. c4 e5 2. g3 Nc6 3. Bg2 g6 4. Nc3 Bg7 5. Rb1 d6 6. b4 a6 7.
a4 Be6 8. d3 Qd7 9. b5 axb5 10.
cxb5 Na5 11. e3 Ne7 12. Nge2 O-O 13. O-O c5 14. bxc6 bxc6 15. Ba3 Rab8 16. Qc2 Bb3 17. Qd2 Be6 18. Ne4 Nb3 19. Qc2 c5 20. N2c3 h6 21.
Nb5 Rxb5 22. axb5 Na5 23. b6 Nac6 24. Rfc1 Rb8 25. b7 Bd5 26. Qa4 f5 27. Nc3 Bxg2 28. Kxg2 Rxb7 29. Qa8+ Nd8 30. Rxb7 Qxb7+ 31. Qxb7 Nxb7 32. Rb1 Nd8 33. Rb6 Nf7 34. Nb5 Nd5 35. Rb7 Bf8 36. e4 fxe4 37. dxe4 Nf6 38. f3 g5 39. g4 h5 40. h3 Nd8 41. Ra7 Ne6 42.
Bc1 h4 43. Ra6 Ne8 44. Nc3 Kf7 45. Nd5 Nf6 46. Ra7+ Kg6 47. Nb6 Ne8 48. Nc4 Nf6 49. Ra8 Kf7 50. Ra6 Ne8 51. Be3 Kf6 52. Kf1 Kf7 53. Ke2 Be7 54. Kd3 Nf4+ 55. Bxf4 gxf4 56.
Nb6 Ke6 57. Nd5 Bd8 58. Ra7 Bg5 59. Kc4 Bd8 60. Kb5 Bg5 61. Kc4 Bd8 62. Rb7 Bg5 63. Nc7+ Nxc7 64. Rxc7 Bf6 65. Rh7 Bg5 66. Rh5 Be7 67.
g5 Kf7 68. Rh7+ Ke6 69. g6 Bf6 70. Rb7 Be7 71. g7 Kf7 72. Rxe7+ Kg8 1-0